 Dungeon Crawl Stone Soup version 0.27-a0-909-g0721f309d1 (webtiles) character file.

Game seed: 16578693768134238725

20 Alarkh the Insei (level 2, -8/21 HPs)
             Began as a Demonspawn Transmuter on Apr 8, 2021.
             Killed by nerve-wracking pain
             ... invoked by Jessica
              (9 damage)
             ... on level 2 of the Dungeon.
             The game lasted 00:00:42 (506 turns).

Alarkh the Insei (Demonspawn Transmuter)             Turns: 506, Time: 00:00:43

Health: -8/21      AC:  3    Str: 10    XL:     2   Next: 58%
Magic:  4/5        EV: 12    Int: 14    God:
Gold:   42         SH:  0    Dex: 13    Spells: 4/5 levels left

rFire    . . .     SeeInvis .     - Unarmed
rCold    . . .     Faith    .   (no shield)
rNeg     . . .     Spirit   .   a - +0 robe
rPois    .         Reflect  .   (helmet currently unavailable)
rElec    .         Harm     .   (no cloak)
rCorr    .         Rampage  .   (no gloves)
Will     .....                  (boots currently unavailable)
Stlth    +.........             (no amulet)
HPRegen  0.07/turn              (no ring)
MPRegen  0.09/turn              (no ring)

@: appendages (expiring)
A: horns 2, talons 2, sharp scales 1
a: End Transformation


You were on level 2 of the Dungeon.
You had temporarily grown beastly horns and talons.
You visited 1 branch of the dungeon, and saw 2 of its levels.

You collected 42 gold pieces.

Inventory:

Armour
 a - a +0 robe (worn)
Scrolls
 b - 2 scrolls of teleportation {unknown}
 c - a scroll of identify {unknown}
Potions
 d - a potion of flight {unknown}
 e - a potion of curing {unknown}
 f - a potion of lignification {unknown}
 g - a potion of magic {unknown}


   Skills:
 + Level 1.6 Fighting
 - Level 1.7 Dodging
 * Level 3.3 Unarmed Combat
 - Level 2.0 Spellcasting
 - Level 1.7 Transmutations


You had 4 spell levels left.
You knew the following spells:

 Your Spells              Type           Power      Damage    Failure   Level
a - Beastly Appendage     Tmut           12%        N/A       12%         1

Your spell library contained the following spells:

 Spells                   Type           Power      Damage    Failure   Level
 Wereblood                Tmut           6%         N/A       17%         2
 Spider Form              Tmut/Pois      1%         N/A       45%         3
 Ice Form                 Ice/Tmut       3%         N/A       86%         4
 Hydra Form               Tmut           3%         N/A       97%         5


Dungeon Overview and Level Annotations

Branches:
Dungeon (2/15)

Altars:

Annotations:
D:2 Jessica


Innate Abilities, Weirdness & Mutations

You have temporarily grown beastly horns and talons.
You are partially covered in razor-sharp scales. (AC +1, Slay +1)


Message History

You miss the frilled lizard. The frilled lizard barely misses you.
You barely miss the frilled lizard. The frilled lizard bites you.
You hit the frilled lizard.
You kill the frilled lizard!
No target in view!
No target in view!
No target in view!
No target in view!
No target in view!
No target in view!
No target in view!
No target in view!
No target in view!
Found a faded altar of an unknown god.
Jessica the Apprentice Sorceress comes into view.
She is wielding a +0 club.
Jessica shouts!
Jessica moves out of view.
Jessica is nearby!
Casting: Beastly Appendage (safe; 12% risk of failure)
Confirm with . or Enter, or press ? or * to list all spells.
You grow a pair of large bovine horns.
Your feet morph into talons.
Jessica mumbles some strange words.
Jessica seems to speed up.
Unknown command.
You hit Jessica. You claw Jessica, but do no damage.
Jessica is moderately wounded.
Jessica casts a spell at you. Pain shoots through your body!
You punch Jessica!
Jessica is almost dead.
Your transformation is almost over.
Jessica hits you with a +0 club.
You are too injured to fight recklessly!
You completely miss Jessica. Your headbutt misses Jessica.
Jessica is almost dead.
Jessica hits you with a +0 club!
* * * LOW HITPOINT WARNING * * *
Jessica points at you and mumbles some strange words.
Pain shoots through your body!
You die...

..# .. ...# ... ...
... ... #.###.###
P..?...#
#P#.#.#.#.#
#..P..@P..#
###.###@###
.....#PPP._P.PP#
....###P###.###
#...#......P..#
...#P#P#P#P#.#
#..#......P..#
#..###P###.###
#†.#.........#..#
###...............#


You could see Jessica (fast).

Vanquished Creatures
  An endoplasm (D:1)
  A giant cockroach (D:1)
  A goblin (D:1)
  2 hobgoblins
  4 jackals (D:1)
  5 bats
  2 frilled lizards
  A rat (D:1)
17 creatures vanquished.

Notes
Turn   | Place    | Note
-------+----------+-------------------------------------------
     0 | D:1      | Alarkh the Demonspawn Transmuter began the quest for the
                  | Orb.
     0 | D:1      | Reached XP level 1. HP: 15/15 MP: 3/3
    81 | D:1      | Reached skill level 3 in Unarmed Combat
    82 | D:1      | Gained mutation: You are partially covered in razor-sharp
                  | scales. (AC +1, Slay +1) [demonic ancestry]
    82 | D:1      | Reached XP level 2. HP: 16/21 MP: 5/5
   495 | D:2      | Found a faded altar of an unknown god.
   500 | D:2      | Noticed Jessica
   506 | D:2      | HP: 1/21 [Jessica/+0 club (7)]
   506 | D:2      | Killed from afar by Jessica

Illustrated notes

Levels and vault maps discovered:
D:1:      grunt_arrival_crossed_arrows, layout_rooms
D:2:      layout_loops_ring, shapermc_ecumenical_altar_mp_urbaneastern,
          uniq_jessica

Skill      XL: |  1 |
---------------+----+-----
Unarmed Combat | 3 |  3.3
Fighting       | |  1.6
Dodging        | |  1.7
Spellcasting   | |  2.0
Transmutations | |  1.7

Action                   || total
-------------------------++-------
Melee: Unarmed           ||    52
       Kick              ||    12
       Headbutt          ||     5
       Punch             ||     1
 Cast: Beastly Appendage ||    12
Armor: Robe              ||    12
Dodge: Dodged            ||    31

Table legend: (Time is in decaauts)
 A = Elapsed time spent in this place.
 B = Non-inter-level travel time spent in this place.
 C = Inter-level travel time spent in this place.
 D = Time resting spent in this place.
 E = Time spent auto-exploring this place.
 F = Levels seen in this place.
 G = Mean time per level.
                   A        B        C        D        E       F      G
               +--------+--------+--------+--------+--------+-----+--------+
         Total |    503 |    474 |     29 |      0 |    357 |   2 |  251.5 |
       Dungeon |    503 |    474 |     29 |      0 |    357 |   2 |  251.5 |
               +--------+--------+--------+--------+--------+-----+--------+

Top non-repeatable levels by time:
     D:1: 361 daAuts
     D:2: 142 daAuts
